 Dungeon Crawl Stone Soup version 0.28.0-47-ge53b351184 (console) character file.

Game seed: 6308351844353248918

350 Faeu the Shield-Bearer (level 6, -3/56 HPs)
             Began as a Minotaur Fighter on May 2, 2022.
             Slain by an ice beast (14 damage)
             ... on level 5 of the Dungeon.
             The game lasted 00:06:41 (3283 turns).

Faeu the Shield-Bearer (Minotaur Fighter)           Turns: 3283, Time: 00:06:41

Health: -3/56      AC: 11    Str: 23    XL:     6   Next: 34%
Magic:  5/5        EV:  7    Int:  5    God:
Gold:   93         SH:  4    Dex:  9    Spells: 5/5 levels left

rFire   . . .      SeeInvis .   a - +0 war axe {axe}
rCold   . . .      Faith    .   c - +0 buckler
rNeg    . . .      Spirit   .   s - +0 chain mail
rPois   .          Reflect  .   (helmet restricted)
rElec   .          Harm     .   (no cloak)
rCorr   .          Rampage  .   t - +0 pair of gloves
Will    .....                   (no boots)
Stlth   ..........              (no amulet)
HPRegen 0.18/turn               (no ring)
MPRegen 0.09/turn               (no ring)

@: no status effects
A: horns 2, retaliatory headbutt
a: no special abilities


You were on level 5 of the Dungeon.
You visited 1 branch of the dungeon, and saw 5 of its levels.
You also visited: Sewer.

You collected 93 gold pieces.


Innate Abilities, Weirdness & Mutations

You have a pair of horns on your head.
You reflexively headbutt those who attack you in melee.


   Skills:
 + Level 5.2 Fighting
 + Level 4.6 Axes
 + Level 5.3 Armour
 + Level 5.3 Shields


You had 5 spell levels left.
You didn't know any spells.
Your spell library contained the following spells:

 Spells                   Type           Power      Damage    Failure   Level
 Sandblast                Erth           0%         2d4       99%         1
 Passwall                 Tmut/Erth      0%         N/A       100%        2
 Stone Arrow              Conj/Erth      0%         3d7       100%        3

Inventory:

Hand Weapons
 a - a +0 war axe (weapon) {axe}
Armour
 b - a +0 scale mail
 c - a +0 buckler (worn)
 s - a +0 chain mail (worn)
   (You found it on level 4 of the Dungeon)
 t - a +0 pair of gloves (worn)
   (You found it on level 5 of the Dungeon)
Jewellery
 f - an amulet of faith {!P}
   (You found it on level 1 of the Dungeon)
Scrolls
 h - 4 scrolls of identify {unknown}
 i - a scroll of magic mapping {unknown}
 j - a scroll of brand weapon {unknown}
 k - 2 scrolls of teleportation {unknown}
 l - 4 scrolls of amnesia {unknown}
 m - a scroll of noise {unknown}
 n - a scroll of fog {unknown}
 o - a scroll of fear {unknown}
 p - a scroll of enchant armour {unknown}
 q - 2 scrolls of blinking {!r}
Potions
 d - a potion of invisibility {unknown}
 e - 2 potions of heal wounds {unknown}
 g - a potion of ambrosia {unknown}
 r - a potion of curing {unknown}

Dungeon Overview and Level Annotations

Branches:
Dungeon (5/15)              Sewer (visited)
 Temple: D:4-7

Altars:
Cheibriados
Ru

Shops:
D:1 (

Portals:
Abyss: D:3

Annotations:
D:3 2 transporters, Ablot's ghost, weakling GnCK
D:4 Grinder

### ...........# ..#
...........# .#
............# #
.............# ...#
..............#
....#...........)..#
≈≈≈.#..............#
...≈#...........@Y.#
._.≈#..............#
...≈#.............#..#
≈≈≈.#.............#
....
....#.............#
...
...#..............# ..
#.#(..............# .
.#.###...........##
#.## ##........#.# ###
##.......#.#
###....#..#


You could see an ice beast.


Message History

You start putting on your armour.
You continue putting on your +0 chain mail. x5
You finish putting on your +0 chain mail.
h - 4 scrolls labelled VAASTR ZEVESSOI (gained 1) Grinder comes into view.
Grinder shouts!
Grinder says, "Mostly I couldn't keep them alive."
Grinder blinks!
There is a stone staircase leading down here.
You climb downwards.
The centaur shouts!
There is a stone staircase leading up here.
You hit the centaur.
The centaur hits you but does no damage.
The centaur kicks you but does no damage.
You completely miss the centaur.
The centaur hits you but does no damage.
The centaur kicks you but does no damage.
The centaur closely misses you. The centaur kicks you. The centaur hits you.
You block the centaur's attack. 😕 HP[-5]
You take 5 damage, and now have 43/48 hp.
You barely miss the centaur. You barely miss the hound.
The hound barely misses you. You furiously retaliate!
You headbutt the hound, but do no damage.
The centaur hits you but does no damage.
The centaur kicks you but does no damage.
The hound bites you but does no damage. The centaur hits you.
The centaur kicks you but does no damage.
You hit the centaur. You closely miss the hound.
The hound bites you but does no damage. The centaur hits you.
You block the centaur's attack. The hound bites you.
The centaur hits you but does no damage.
The centaur kicks you but does no damage. 😕 HP[-5]
You take 5 damage, and now have 38/48 hp.
You slash the centaur!
You headbutt the centaur, but do no damage.
You closely miss the hound. The hound bites you.
The centaur closely misses you.
The centaur kicks you but does no damage.
The hound bites you but does no damage. The centaur barely misses you.
You block the centaur's attack. 😮 HP[-5]
You take 5 damage, and now have 33/48 hp.
You hit the centaur.
You kill the centaur!
You closely miss the hound. The hound barely misses you. The hound bites you.
You have reached level 6! 😮 HP[+4] MP[+1]
You now have 56 max hp (+8).
You regained 4 hp, and now have 37/56 hp.
Your mp is fully restored (5).
You hit the hound but do no damage. The hound bites you.
The hound closely misses you. 😮 HP[-1]
You take 1 damage, and now have 36/56 hp.
You slash the hound! You headbutt the hound.
You kill the hound!
You see here a hound corpse.
There is a stone staircase leading up, spattered with blood here.
Things that are here:
a +0 shortbow {bow}; 16 arrows; a centaur corpse 😮 HP[+1] 😮 HP[+1]
Found a sacrificial altar of Ru. 😮 HP[+1]
You see here 10 stones {throwing}. 😮 HP[+1] 😮 HP[+1]
An ice beast comes into view.
You see here a +0 pair of gloves.
You start putting on your armour.
You continue putting on your +0 pair of gloves. x3
The ice beast hits you. The ice beast freezes you!
* * * LOW HITPOINT WARNING * * *
You continue putting on your +0 pair of gloves.
The ice beast hits you but does no damage.
You finish putting on your +0 pair of gloves. 😨 HP[-14]
You take 14 damage, and now have 27/56 hp.
MASSIVE DAMAGE!! (PAUSE)
You hit the ice beast but do no damage. The ice beast barely misses you.
You furiously retaliate!
You headbutt the ice beast, but do no damage. 😨 HP[+1]
You closely miss the ice beast.
The ice beast hits you but does no damage.
The ice beast hits you.
* * * LOW HITPOINT WARNING * * *
The ice beast freezes you!
* * * LOW HITPOINT WARNING * * *
😨 HP[-13]
You take 13 damage, and now have 15/56 hp.
MASSIVE DAMAGE!! (PAUSE)
You slash the ice beast! Your headbutt misses the ice beast.
The ice beast hits you.
* * * LOW HITPOINT WARNING * * *
The ice beast freezes you!
You die...

Skill      XL: |  1  2  3  4  5 |
---------------+----------------+-----
Armour         | 4 5 |  5.3
Shields        | 4 5 |  5.3
Fighting       | 4 5 |  5.2
Axes           | 3 4 |  4.6

Action                   |  1- 3 |  4- 6 || total
-------------------------+-------+-------++-------
Melee: War axe           |    82 |    80 ||   162
       Headbutt          |    11 |    11 ||    22
  Use: Potion            |       |     1 ||     1
Armor: Scale mail        |    41 |    52 ||    93
       Chain mail        |       |    15 ||    15
Dodge: Dodged            |    61 |    33 ||    94
Block: Buckler           |    22 |    26 ||    48

Levels and vault maps discovered:
D:1:      co_arrival_random_square_maze, layout_rooms, serial_shops,
          nicolae_shop_trees
D:2:      layout_basic
D:3:      layout_loops_ring, mainiacjoe_overflow_cross_hatched,
          gup_sewer_entry_spiral, gammafunk_ghost_abyssal_escape,
          columned_hall_lemuel
D:4:      layout_cave_pools, mainiacjoe_overflow_alcove_1, gammafunk_ghost_icy,
          uniq_grinder, uniq_eustachio
D:5:      layout_cave_pods, nicolae_ru_awakened_eye, serial_column_ruins,
          column_ruins_open_tiny, column_ruins_corridor_straight,
          column_ruins_columns_straight, column_ruins_grid_1,
          column_ruins_open_tiny, column_ruins_columns_straight,
          glass_columns_a, uniq_edmund

Notes
Turn   | Place    | Note
-------+----------+-------------------------------------------
     0 | D:1      | Faeu the Minotaur Fighter began the quest for the Orb.
     0 | D:1      | Reached XP level 1. HP: 19/19 MP: 0/0
     0 | D:1      | magus.rc [v1.9.6]
   293 | D:1      | Found Ruaxuij's Antique Weapon Shop.
   305 | D:1      | Reached XP level 2. HP: 13/27 MP: 1/1
   325 | D:1      | HP: 6/27 [gnoll/+0 spear (5)]
   329 | D:1      | Reached skill level 4 in Armour
   329 | D:1      | Reached skill level 4 in Shields
   648 | D:1      | Reached skill level 4 in Fighting
   701 | D:1      | Reached skill level 3 in Axes
   706 | D:1      | Reached XP level 3. HP: 23/33 MP: 2/2
   938 | D:1      | You pick up a book of Geomancy and begin reading...
   938 | D:1      | You add the spells Sandblast, Passwall and Stone Arrow to
                  | your library.
  1555 | D:2      | Reached XP level 4. HP: 40/40 MP: 3/3
  2150 | D:3      | Found a glowing drain.
  2154 | Sewer    | Entered a sewer
  2351 | Sewer    | Noticed Pargi
  2373 | D:3      | Killed Pargi
  2374 | D:3      | Reached skill level 4 in Axes
  2374 | D:3      | Reached XP level 5. HP: 40/47 MP: 4/4
  2545 | D:3      | Found a transporter.
  2550 | D:3      | Noticed a small abomination
  2551 | D:3      | Found a transporter.
  2636 | D:3      | Noticed Ablot's ghost (weakling GnCK)
  2657 | D:3      | Found a one-way gate to the infinite horrors of the Abyss.
  2695 | D:3      | Found a snail-covered altar of Cheibriados.
  2895 | D:3      | Reached skill level 5 in Armour
  2895 | D:3      | Reached skill level 5 in Shields
  2922 | D:3      | Reached skill level 5 in Fighting
  3208 | D:4      | Noticed Grinder
  3237 | D:5      | Entered Level 5 of the Dungeon
  3237 | D:5      | Noticed a centaur
  3243 | D:5      | Killed a centaur
  3244 | D:5      | Reached XP level 6. HP: 37/56 MP: 5/5
  3255 | D:5      | Found a sacrificial altar of Ru.
  3274 | D:5      | Noticed an ice beast
  3283 | D:5      | HP: 11/56 [ice beast (4)]
  3283 | D:5      | Slain by an ice beast

Vanquished Creatures
  Pargi (D:3)
  A centaur (D:5)
  A hound (D:5)
  5 adders
  2 gnolls
  A river rat (D:3)
  A worm (D:2)
  2 dart slugs
  An orc (D:3)
  5 endoplasms
  2 giant cockroaches
  4 goblins
  2 hobgoblins
  6 jackals
  7 kobolds
  8 quokkas
  5 ball pythons
  4 bats
  3 frilled lizards
  7 rats
68 creatures vanquished.

Table legend:
 A = Non-vault XP
 B = Vault XP
 C = Vault XP percentage of total XP
 D = Non-vault monster count
 E = Vault monster count
 F = Vault count percentage of total count
                 A         B        C        D         E       F
            +---------+---------+-------+---------+---------+-------
      Total |     313 |     188 |  37.5 |      57 |      11 |  16.2
            +---------+---------+-------+---------+---------+-------
        D:1 |      49 |       0 |   0.0 |      23 |       0 |   0.0
        D:2 |      58 |       0 |   0.0 |      23 |       0 |   0.0
        D:3 |      39 |     169 |  81.2 |       8 |       7 |  46.7
        D:4 |      14 |       0 |   0.0 |       1 |       0 |   0.0
        D:5 |     153 |       0 |   0.0 |       2 |       0 |   0.0
      Sewer |       0 |      19 | 100.0 |       0 |       4 | 100.0
            +---------+---------+-------+---------+---------+-------

Illustrated notes

Table legend:
 A = Kills in this place as a percentage of kills in entire the game.
 B = Kills by you in this place as a percentage of kills by you in the entire game.
 C = Kills by friends in this place as a percentage of kills by friends in the entire game.
 D = Other kills in this place as a percentage of other kills in the entire game.
 E = Experience gained in this place as a percentage of experience gained in the entire game.
 F = Experience gained in this place divided by the number of levels of this place that you have seen.
                   A       B       C       D       E      F
               +-------+-------+-------+-------+-------+----------------------
         Total | 100.0 | 100.0 |   N/A |   N/A | 100.0 |  83.5
       Dungeon |  94.1 |  94.1 |   N/A |   N/A |  96.2 |  96.4
         Sewer |   5.9 |   5.9 |   N/A |   N/A |   3.8 |  19.0
               +-------+-------+-------+-------+-------+----------------------

Table legend: (Time is in decaauts)
 A = Elapsed time spent in this place.
 B = Non-inter-level travel time spent in this place.
 C = Inter-level travel time spent in this place.
 D = Time resting spent in this place.
 E = Time spent auto-exploring this place.
 F = Levels seen in this place.
 G = Mean time per level.
                   A        B        C        D        E       F      G
               +--------+--------+--------+--------+--------+-----+--------+
         Total |   3385 |   3301 |     84 |      0 |   2253 |   6 |  564.2 |
       Dungeon |   3168 |   3084 |     84 |      0 |   2089 |   5 |  633.6 |
         Sewer |    216 |    216 |      0 |      0 |    164 |   1 |  216.0 |
               +--------+--------+--------+--------+--------+-----+--------+

Top non-repeatable levels by time:
     D:2: 1089 daAuts
     D:1: 1018 daAuts
     D:3: 933 daAuts
   Sewer: 216 daAuts
     D:4: 77 daAuts
     D:5: 48 daAuts
